 Dungeon Sprint DCSS version 0.30.1 (webtiles) character file.

Game seed: 5000742554238291415

14 boopmooplesden the Trooper (level 3, -1/49 HPs)
             Began as a Demonspawn Berserker on July 10, 2023.
             Was a Priest of Trog.
             Slain by an orc warrior
             ... wielding a +0 short sword
              (8 damage)
             ... in the Dungeon (Sprint VI: "Thunderdome").
             The game lasted 00:00:50 (183 turns).

boopmooplesden the Trooper (Demonspawn Berserker)    Turns: 183, Time: 00:00:51

Health: -1/49      AC:  2    Str: 17    XL:     3   Next: 37%
Magic:  0/3        EV: 13    Int: 11    God:    Trog [***...]
Gold:   85         SH:  0    Dex: 17    Spells: 2/2 levels left

rFire   + . .        a - +0 falchion
rCold   + + .        (no shield)
rNeg    . . .        b - +0 animal skin
rPois   .            (no helmet)
rElec   .            (no cloak)
rCorr   .            (no gloves)
SInv    .            (no boots)
Will    .....        m - amulet of Axiuwuto {Spirit Fly rF+} Stlth
                     n - ring "Duewul" {Ice Dex+3}
HPRegen 0.28/turn    o - ring of Xuuczuo {rF+ rC+ Int+3}
MPRegen 0.08/turn

%: no teleportation, guardian spirit
@: berserking, flying, very quick
A: weakness stinger 1
a: Renounce Religion, Berserk, Trog's Hand


You were in the Dungeon.
You worshipped Trog.
Trog was most pleased with you.
You visited 1 branch You collected 220 gold pieces.
You spent 135 gold pieces at shops.

Inventory:

Hand Weapons
 a - a +0 falchion (weapon)
Armour
 b - a +0 animal skin (worn)
Jewellery
 m - the amulet of Axiuwuto (around neck) {Spirit Fly rF+}
   (You bought it in a shop in the Dungeon)

   [amulet of guardian spirit]

   It causes incoming damage to be divided between your reserves of health and
   magic.
   rF:        It protects you from fire.
   Fly:       It grants you flight.
 n - the ring "Duewul" (left hand) {Ice Dex+3}
   (You bought it in a shop in the Dungeon)

   [ring of ice]

   It enhances your ice magic.
   Dex:       It affects your dexterity (+3).
   rF:        It makes you vulnerable to fire.
   rC:        It protects you from cold.
 o - the ring of Xuuczuo (right hand) {rF+ rC+ Int+3}
   (You bought it in a shop in the Dungeon)

   [ring of protection from cold]

   Int:       It affects your intelligence (+3).
   rF:        It protects you from fire.
   rC:        It protects you from cold.
Wands
 j - a wand of light (5)
 k - a wand of roots (5)
Scrolls
 h - 4 scrolls of blinking
 l - 3 scrolls of fog
Potions
 c - a potion of curing
 d - 4 potions of heal wounds
 e - 4 potions of haste
 f - 2 potions of magic
 g - a potion of berserk rage
 i - a potion of resistance


   Skills:
 + Level 5.1 Fighting
 + Level 4.6 Long Blades
 + Level 2.5 Armour
 + Level 2.7 Dodging


You had 2 spell levels left.
You didn't know any spells.
Your spell library was empty.

Dungeon Overview and Level Annotations

Branches:
Dungeon (1/1)

Altars:
Cheibriados
Dithmenos
Fedhas
Gozag
Kikubaaqudgha
Makhleb
Okawaru
Qazlal
Ru
Sif Muna
Trog
Uskayaw
Vehumet
Wu Jian
Xom
Yredelemnul
Lugonu

Shops:
D *[??*?*:[((!!!!

Annotations:
D Blork the orc


Innate Abilities, Weirdness & Mutations

You have a small tail.


Message History

Unknown command.
You start resting.
Get ready!
ROUND 2!
FIGHT!
You start resting.
HP restored.
Blork the orc comes into view.
He is wielding a +0 glaive.
An orc warrior comes into view. It is wielding a +0 short sword.
The orc warrior shouts!
The orc warrior throws a boomerang.
The boomerang barely misses you.
The orc warrior throws a boomerang.
The boomerang barely misses you.
A red film seems to cover your vision as you go berserk!
You feel yourself moving faster!
You feel mighty!
The orc warrior hits you with a +0 short sword!
You hit the orc warrior.
The orc warrior is lightly wounded.
You barely miss the orc warrior.
The orc warrior is lightly wounded.
The orc warrior hits you with a +0 short sword.
You slash the orc warrior!
The orc warrior is severely wounded.
The orc warrior hits you with a +0 short sword!
You closely miss the orc warrior.
The orc warrior is severely wounded.
You closely miss the orc warrior.
The orc warrior is severely wounded.
The orc warrior hits you with a +0 short sword!
* * * LOW HITPOINT WARNING * * *
You closely miss the orc warrior.
The orc warrior is severely wounded.
An orc comes into view. It is wielding a +0 club.
The orc warrior hits you with a +0 short sword.
* * * LOW HITPOINT WARNING * * *
An orc comes into view. It is wielding a +0 whip.
You barely miss the orc warrior.
The orc shouts! x2
You tail-slap the orc warrior!
The orc warrior is almost dead.
The orc warrior hits you with a +0 short sword!
You die...

#........_# #_......._#
###.........### #⌠.†.........⌠#
######.8.........8.######
##.___......###......__.∩##
###∩........8.# #.8........∩###
##............o###....†........#
#⌠..........###@..###..........⌠
#⌠..........# #.<.# #..........⌠
#⌠..........###...###..........⌠
##............o###.............#
###∩........8.# #.8........∩###
##∩_._......###...o.._._∩##
######.8.......[.8.######
#⌠...........⌠# ###.....†...###


You could see an orc warrior and 2 orcs.

Vanquished Creatures
  Jessica (D)
  An adder (D)
  2 dart slugs (D)
  A ball python (D)
  A bat (D)
6 creatures vanquished.

Notes
Turn   | Place    | Note
-------+----------+-------------------------------------------
     0 | D        | boopmooplesden the Demonspawn Berserker began the quest for
                  | the Orb.
     0 | D        | Reached XP level 1. HP: 18/18 MP: 1/1
     3 | D        | Found a corrupted altar of Lugonu.
     3 | D        | Found a blossoming altar of Fedhas.
     4 | D        | Found a stormy altar of Qazlal.
     5 | D        | Found an ancient bone altar of Kikubaaqudgha.
     5 | D        | Found a shimmering altar of Xom.
     5 | D        | Round 1.
     6 | D        | Found a radiant altar of Vehumet.
     6 | D        | Found Ofoummeu's Identification Station.
     7 | D        | Found Xaysotol's Jewellery.
     7 | D        | Found Ubruecwi's Advanced Armour.
    15 | D        | Bought a brightly glowing graven amulet for 45 gold pieces
    15 | D        | Identified the amulet of Axiuwuto {Spirit Fly rF+} (You
                  | bought it in a shop in the Dungeon)
    15 | D        | Bought a heavily runed silver ring for 45 gold pieces
    15 | D        | Identified the ring "Duewul" {Ice Dex+3} (You bought it in
                  | a shop in the Dungeon)
    15 | D        | Bought a scorched golden ring for 45 gold pieces
    15 | D        | Identified the ring of Xuuczuo {rF+ rC+ Int+3} (You bought
                  | it in a shop in the Dungeon)
    25 | D        | Found a shadowy altar of Dithmenos.
    26 | D        | Found a basalt altar of Yredelemnul.
    28 | D        | Found Vuuriuc's Premium Goods.
    29 | D        | Found Lang's Miscellaneous Merchandise.
    29 | D        | Found Derom's Basic Armour.
    30 | D        | Found a burning altar of Makhleb.
    30 | D        | Found an opulent altar of Gozag.
    30 | D        | Found a hide-covered altar of Uskayaw.
    30 | D        | Found Ejarieri's Weapon Rack.
    34 | D        | Found a sacrificial altar of Ru.
    62 | D        | Noticed Jessica
    68 | D        | Killed Jessica
    68 | D        | Reached ** piety under Trog
    69 | D        | Reached skill level 4 in Fighting
    69 | D        | Gained mutation: You have a small tail. [demonic ancestry]
    69 | D        | Reached XP level 2. HP: 26/26 MP: 2/2
    69 | D        | Reached XP level 3. HP: 32/32 MP: 3/3
    85 | D        | Found Zeoffo's Magic Scroll Shop.
    86 | D        | Found Joili's Magic Scroll Shop.
    86 | D        | Found Sizidein's Must-Have Magic.
    92 | D        | Reached skill level 5 in Fighting
    94 | D        | Found an ornate altar of the Wu Jian Council.
    94 | D        | Found an iron altar of Okawaru.
    94 | D        | Found a shimmering blue altar of Sif Muna.
    94 | D        | Found Zairem's Staff Store.
    98 | D        | Found a bloodstained altar of Trog.
    99 | D        | Found a snail-covered altar of Cheibriados.
   101 | D        | Found Suluroi's Distillery.
   102 | D        | Found Zim Imoz's Distillery.
   102 | D        | Found Noixzad's Bottled Wisdom.
   102 | D        | Found Gaatukov's Do-It-Yourself Clinic.
   111 | D        | Reached *** piety under Trog
   111 | D        | Arena points: 14 (+14) [x2]
   143 | D        | Round 2.
   164 | D        | Noticed Blork the orc
   164 | D        | Noticed an orc warrior
   183 | D        | Slain by an orc warrior

Illustrated notes

Levels and vault maps discovered:
D:        arena_sprint

Skill      XL: |  1  2  3 |
---------------+----------+-----
Long Blades    | 4 |  4.6
Armour         | 2 |  2.5
Dodging        | 2 |  2.7
Fighting       | 4 5 |  5.1

Action                     || total
---------------------------++-------
  Melee: Falchion          ||    20
         Tailslap          ||     1
 Invoke: Berserk           ||     2
 Armour: Animal skin       ||     3
  Dodge: Dodged            ||    17
